 Dungeon Crawl Stone Soup version 0.24-a0-170-gd8427f5 (webtiles) character file.

Game seed: 18020216624628421072

3745 Hybris the Grappler (level 9, -3/93 HPs)
             Began as a Troll Monk on Mar 10, 2019.
             Was a Priest of Makhleb.
             Killed by divine providence
             ... invoked by a smoke demon
             ... summoned by an obsidian statue
              (12 damage)
             ... on level 8 of the Dungeon.
             The game lasted 00:18:45 (5470 turns).

Hybris the Grappler (Troll Monk)                    Turns: 5470, Time: 00:18:47

Health: -3/93      AC:  9    Str: 26    XL:     9   Next: 93%
Magic:  11/11      EV: 11    Int:  6    God:    Makhleb [***...]
Gold:   473        SH:  0    Dex: 12    Spells: 7/8 levels left

rFire    . . .     SeeInvis .     - Unarmed
rCold    . . .     Gourm    +   (no shield)
rNeg     . . .     Faith    +   n - +2 robe {Archmagi}
rPois    .         Spirit   .   (helmet restricted)
rElec    .         Reflect  .   E - +0 cloak
rCorr    .         Harm     .   (gloves unavailable)
MR       .....                  (boots unavailable)
Stlth    ++........             F - amulet of faith
HPRegen  0.65/turn              q - +2 ring of strength
MPRegen  0.12/turn              (no ring)

@: about to teleport, appendage (expiring)
A: large, unfitting armour, claws 3, horns 2, fast metabolism 3, gourmand,
regeneration 1, shaggy fur 1, tough skin 3
a: End Transformation, Minor Destruction, Lesser Servant of Makhleb, Renounce
Religion


You were on level 8 of the Dungeon.
You worshipped Makhleb.
Makhleb was most pleased with you.
You were very full.
You had grown temporary horns.
You visited 1 branch of the dungeon, and saw 8 of its levels.

You collected 473 gold pieces.

Inventory:

Missiles
 G - 4 silver tomahawks (quivered)
Armour
 a - a +1 robe
 n - a +2 robe of the Archmagi (worn)
 E - a +0 cloak (worn)
Jewellery
 m - an uncursed amulet of rage
 q - a +2 ring of strength (left claw)
 F - an amulet of faith (around neck)
Wands
 t - a wand of flame (31)
 v - a wand of clouds (4)
 y - a wand of polymorph (10)
 B - a wand of random effects (5)
Scrolls
 c - 3 scrolls of teleportation
 d - 3 scrolls of immolation
 e - 4 scrolls of enchant weapon {unknown}
 h - 3 scrolls of amnesia
 k - 8 scrolls of identify
 l - 2 scrolls of enchant armour
 p - a scroll of random uselessness {unknown}
 r - 2 scrolls of fear {unknown}
 s - a scroll of noise
 u - 2 scrolls of fog {unknown}
 A - 2 scrolls of remove curse
 D - 2 scrolls of magic mapping {unknown}
Potions
 f - 4 potions of heal wounds {unknown}
 g - 2 potions of might {unknown}
 i - 3 potions of lignification {unknown}
 j - 3 potions of curing
 o - 2 potions of magic {unknown}
 w - a potion of cancellation {unknown}
 x - 3 potions of degeneration {unknown}
 z - a potion of flight {unknown}
 C - 2 potions of brilliance {unknown}
Comestibles
 b - 17 rations


   Skills:
 + Level 7.0 Fighting
 - Level 2.9 Dodging
 - Level 1.0 Stealth
 + Level 10.8 Unarmed Combat
 + Level 1.2 Transmutations
 * Level 4.5 Invocations


You had 7 spell levels left.
You knew the following spells:

 Your Spells              Type           Power        Failure   Level  Hunger
a - Beastly Appendage     Tmut           #.....       30%         1    ##.....

Your spell library contained the following spells:

 Spells                   Type           Power        Failure   Level  Hunger
 Sticks to Snakes         Tmut           #.......     41%         2    ###....
 Spider Form              Tmut/Pois      #.........   75%         3    ####...
 Ice Form                 Ice/Tmut       #.......     98%         4    #####..
 Blade Hands              Tmut           #.........   100%        5    ######.


Dungeon Overview and Level Annotations

Branches:
Dungeon (8/15)             Temple (0/1) D:6
   Lair: D:8-11

Altars:
Ashenzari
Dithmenos
Elyvilon
Makhleb
Nemelex Xobeh
Qazlal
Ru
Sif Muna
Xom
Zin
The Shining One

Shops:
D:5 }

Annotations:
D:8 exclusion: obsidian statue


Innate Abilities, Weirdness & Mutations

You are too large for most types of armour.
You have claws for hands.
Your metabolism is lightning-fast.
You like to eat raw meat.
Your natural rate of healing is unusually fast.
You are covered in fur. (AC +1)
You have extremely tough skin. (AC +3)
You have a pair of horns on your head.


Message History

The sixfirhy closely misses you.
The sixfirhy hits you but does no damage.
The sixfirhy barely misses you. The sixfirhy hits you! The sixfirhy shocks you!
The sixfirhy barely misses you. The sixfirhy hits you. The sixfirhy shocks you!
Casting: Beastly Appendage (safe; 30% risk of failure)
Confirm with . or Enter, or press ? or * to list all spells.
Okay, then.
As you read the scroll of teleportation, it crumbles to dust.
You feel strangely unstable. The sixfirhy misses you. The sixfirhy hits you!
The sixfirhy shocks you! The sixfirhy hits you! The sixfirhy shocks you!
* * * LOW HITPOINT WARNING * * *
The sixfirhy hits you.
* * * LOW HITPOINT WARNING * * *
The sixfirhy shocks you!
* * * LOW HITPOINT WARNING * * *
The smoke demon gestures at you. Something smites you!
You die...

....##########.............#.#.#.
....# #8 ####.....#...#######
....# #| #.....#...#######
.<..###.# ####.....#...##.....
###.##... #........#...##.[... ..
##...## #........##........#
#####.....####.......#.......####
# #.......).########.........####
..........4..3@....#...#.##....
..........3............#.##....
##################.....#.##....
#.....#.##.... ...(##.#.##....
....##.#.##.... ....##.#.##....
..# #.####.. #..


You could see a rust devil, a sixfirhy and a smoke demon.

Vanquished Creatures
  2 hippogriffs
  2 hungry ghosts
  Menkaure (D:5)
  Edmund (D:5)
  A water moccasin (D:6)
  4 phantoms
  7 ogres
  A sky beast (D:6)
  3 centaurs
  5 bullfrogs
  Blork the orc (D:4)
  A wyvern skeleton (D:8)
  A scorpion (D:5)
  5 wights
  A crimson imp (D:7)
  A quasit (D:6)
  3 orc priests
  4 hounds
  A jelly (D:5)
  3 centaur skeletons
  2 iguanas
  5 orc wizards
  2 worker ants
  2 hound skeletons
  A mummy (D:8)
  A worker ant zombie (D:6)
  9 adders
  An ooze (D:2)
  3 adder skeletons
  3 worms (D:4)
  2 dart slugs
  5 leopard geckos
  13 orcs
  5 giant cockroaches
  5 hobgoblins
  9 jackals
  2 ball pythons
  5 bats
  4 frilled lizards
  8 goblins
  A jackal skeleton (D:4)
  4 kobolds
  2 rats (D:1)
142 creatures vanquished.

Vanquished Creatures (collateral kills)
  An orc (D:8)
1 creature vanquished.

Grand Total: 143 creatures vanquished

Notes
Turn   | Place    | Note
-------+----------+-------------------------------------------
     0 | D:1      | Hybris the Troll Monk began the quest for the Orb.
     0 | D:1      | Reached XP level 1. HP: 22/22 MP: 0/0
   225 | D:1      | Reached XP level 2. HP: 29/29 MP: 1/1
  1108 | D:2      | Reached XP level 3. HP: 34/36 MP: 2/2
  1289 | D:3      | Reached skill level 4 in Unarmed Combat
  1371 | D:3      | Reached XP level 4. HP: 40/45 MP: 3/3
  1697 | D:3      | Found a white marble altar of Elyvilon.
  1697 | D:3      | Found a glowing silver altar of Zin.
  1698 | D:3      | Found a glowing golden altar of the Shining One.
  1799 | D:4      | Reached skill level 5 in Unarmed Combat
  1802 | D:4      | Reached XP level 5. HP: 42/53 MP: 4/4
  2087 | D:4      | Noticed an ogre
  2094 | D:4      | Killed an ogre
  2094 | D:4      | Reached skill level 6 in Unarmed Combat
  2094 | D:4      | Reached XP level 6. HP: 62/62 MP: 5/5
  2513 | D:4      | Noticed Blork the orc
  2518 | D:4      | Killed Blork the orc
  2518 | D:4      | Reached XP level 7. HP: 61/70 MP: 6/6
  2676 | D:4      | Found a burning altar of Makhleb.
  2676 | D:4      | Found a shadowy altar of Dithmenos.
  2692 | D:4      | Became a worshipper of Makhleb the Destroyer
  2692 | D:4      | Reached * piety under Makhleb
  2692 | D:4      | Reached ** piety under Makhleb
  2762 | D:5      | Entered Level 5 of the Dungeon
  2938 | D:5      | Noticed Edmund
  2950 | D:5      | Killed Edmund
  2950 | D:5      | Reached skill level 7 in Unarmed Combat
  2955 | D:5      | Found a shimmering altar of Xom.
  3075 | D:5      | Found a sparkling altar of Nemelex Xobeh.
  3075 | D:5      | Found a shattered altar of Ashenzari.
  3078 | D:5      | Found a deep blue altar of Sif Muna.
  3185 | D:5      | Found Qifeagg's Gadget Shop.
  3228 | D:5      | Noticed Menkaure
  3234 | D:5      | Killed Menkaure
  3234 | D:5      | Reached skill level 5 in Fighting
  3234 | D:5      | Reached skill level 8 in Unarmed Combat
  3234 | D:5      | Reached XP level 8. HP: 73/80 MP: 7/7
  3601 | D:6      | Found a staircase to the Ecumenical Temple.
  3726 | D:6      | Reached skill level 9 in Unarmed Combat
  3748 | D:6      | Noticed a hippogriff
  3759 | D:6      | Killed a hippogriff
  3917 | D:6      | Reached XP level 9. HP: 87/89 MP: 8/8
  3946 | D:6      | Found a glowing golden altar of the Shining One.
  4021 | D:6      | Reached skill level 10 in Unarmed Combat
  4327 | D:7      | Reached skill level 1 in Invocations
  4544 | D:7      | Reached *** piety under Makhleb
  4548 | D:7      | Found a stormy altar of Qazlal.
  4930 | D:7      | Learned a level 1 spell: Beastly Appendage
  5006 | D:7      | Found a sacrificial altar of Ru.
  5322 | D:8      | Reached skill level 1 in Transmutations
  5458 | D:8      | Noticed an obsidian statue
  5460 | D:8      | Noticed a sixfirhy
  5460 | D:8      | Noticed a smoke demon
  5461 | D:8      | Noticed a rust devil
  5470 | D:8      | Killed from afar by a smoke demon

Levels and vault maps discovered:
D:1:      lemuel_arrival_rhombus, layout_rooms, kennysheep_another_room
D:2:      layout_loops_corners, first_ration
D:3:      layout_rooms, good_gods_temple_1
D:4:      layout_loops_cross, gammafunk_temple_overflow_pools,
          minmay_hedge_maze, uniq_blork_the_orc
D:5:      layout_basic, grunt_temple_overflow_open, serial_shops,
          shop_fountains, uniq_menkaure, uniq_edmund
D:6:      layout_gridville, minmay_temple_entry_nine_rooms, lemuel_statue_altar
D:7:      layout_loops_cross, lemuel_coloured_pillars_altar,
          nicolae_ru_the_path_less_chosen, grunt_ogre_cave
D:8:      minmay_statue_hallways, layout_basic, kennysheep_mini, basic_altar,
          serial_undead, serial_undead_d, serial_undead_f, serial_undead_d,
          serial_undead_a, serial_undead_c, serial_undead_d, serial_undead_a,
          small_statue_intersection, minmay_misc_feat_hallway,
          mrwooster_statue_mirror, minivault_23

Skill      XL: |  1  2  3  4  5  6  7  8  9 |
---------------+----------------------------+-----
Unarmed Combat | 4 5 6 8 9 10 | 10.8
Fighting       | 3 4 5 6 7 |  7.0
Invocations    | 4 |  4.5
Transmutations | 1 |  1.2
Dodging        | |  2.9
Stealth        | |  1.0

Action                   |  1- 3 |  4- 6 |  7- 9 || total
-------------------------+-------+-------+-------++-------
Melee: Unarmed           |    90 |   135 |   256 ||   481
       Punch             |       |     1 |    11 ||    12
 Cast: Beastly Appendage |       |       |     2 ||     2
Invok: Lesser Servant of |       |       |     2 ||     2
       Minor Destruction |       |       |     1 ||     1
 Abil: Evoke Berserk Rag |       |     1 |       ||     1
Evoke: Wand              |       |       |     1 ||     1
  Use: Scroll            |       |     6 |     3 ||     9
 Stab: Sleeping          |     3 |     1 |     2 ||     6
       Distracted        |       |     1 |       ||     1
  Eat: Chunk             |    15 |    11 |    37 ||    63
       Ration            |     1 |       |       ||     1
Armor: Robe              |    31 |    46 |    82 ||   159
Dodge: Dodged            |    46 |    56 |   103 ||   205

Table legend:
 A = Non-vault XP
 B = Vault XP
 C = Vault XP percentage of total XP
 D = Non-vault monster count
 E = Vault monster count
 F = Vault count percentage of total count
                 A         B        C        D         E       F
            +---------+---------+-------+---------+---------+-------
      Total |    4725 |     625 |  11.7 |     137 |       6 |   4.2
            +---------+---------+-------+---------+---------+-------
        D:1 |      15 |       0 |   0.0 |      11 |       0 |   0.0
        D:2 |      33 |       0 |   0.0 |      15 |       0 |   0.0
        D:3 |     142 |       0 |   0.0 |      21 |       0 |   0.0
        D:4 |     491 |      94 |  16.1 |      18 |       1 |   5.3
        D:5 |     547 |     341 |  38.4 |      19 |       2 |   9.5
        D:6 |    1190 |       0 |   0.0 |      21 |       0 |   0.0
        D:7 |    1473 |     116 |   7.3 |      19 |       1 |   5.0
        D:8 |     834 |      74 |   8.1 |      13 |       2 |  13.3
            +---------+---------+-------+---------+---------+-------
